 Dungeon Crawl Stone Soup version 0.28.0-53-g5a82cb258f (webtiles) character file.

Game seed: 4671889750747355188

135 Kranky the Thaumaturge (level 5, 37/37 HPs)
             Began as a Gnoll Wanderer on June 17, 2022.
             Was an Initiate of Ashenzari.
             Quit the game on level 3 of the Dungeon.
             The game lasted 00:11:45 (3486 turns).

Kranky the Thaumaturge (Gnoll Wanderer)             Turns: 3486, Time: 00:11:46

Health: 37/37      AC:  4    Str: 13    XL:     5   Next: 18%
Magic:  16/18      EV: 12    Int: 13    God:    Ashenzari [......]
Gold:   137        SH:  0    Dex: 10    Spells: 24/26 levels left

rFire   . . .      SeeInvis .   g - +0 falchion
rCold   . . .      Faith    .   (no shield)
rNeg    . . .      Spirit   .   b - +0 robe
rPois   .          Reflect  .   i - +0 helmet
rElec   .          Harm     .   (no cloak)
rCorr   .          Rampage  .   f - +0 pair of gloves "Celestial Prison" {Elem, Cun} (curse)
Will    .....                   (no boots)
Stlth   ++........              (no amulet)
HPRegen 0.12/turn               (no ring)
MPRegen 0.16/turn               (no ring)

@: no status effects
A: fangs 1, strong nose, distributed training
a: Renounce Religion, Curse Item, Shatter the Chains


You were on level 3 of the Dungeon.
You worshipped Ashenzari.
Ashenzari was noncommittal.
You visited 1 branch of the dungeon, and saw 3 of its levels.

You collected 137 gold pieces.

Inventory:

Hand Weapons
 a - a +0 club
 g - a +0 falchion (weapon)
Armour
 b - a +0 robe (worn)
 f - the cursed +0 pair of gloves "Celestial Prison" (worn) {Elem, Cun}
   (You found it on level 1 of the Dungeon)

   It has a curse which improves the following skills: Elements: Fire Magic, Ice
   Magic, Air Magic and Earth Magic.
   Cunning:   Dodging and Stealth.
 i - a +0 helmet (worn)
 q - a +0 pair of gloves
 s - a +2 ring mail of poison resistance
Wands
 c - a wand of polymorph (3) (quivered)
Scrolls
 h - 4 scrolls of identify {unknown}
 k - a scroll of summoning {unknown}
 l - a scroll of holy word {unknown}
 m - a scroll of amnesia {unknown}
 n - a scroll of vulnerability {unknown}
Potions
 d - a potion of brilliance {unknown}
 e - a potion of mutation {unknown}
 j - a potion of lignification {unknown}
 o - a potion of invisibility {unknown}
 p - a potion of heal wounds {unknown}
 r - a potion of degeneration {unknown}


   Skills:
 + Level 1.4 Fighting
 + Level 1.4 Short Blades
 + Level 1.4 Long Blades
 + Level 1.4 Axes
 + Level 1.4 Maces & Flails
 + Level 1.4 Polearms
 + Level 1.4 Staves
 + Level 1.4 Slings
 + Level 1.4 Bows
 + Level 1.4 Crossbows
 + Level 1.4 Throwing
 + Level 1.4 Armour
 + Level 2.9(3.3) Dodging
 + Level 1.4(1.7) Stealth
 + Level 1.4 Shields
 + Level 1.4 Unarmed Combat
 + Level 11.4 Spellcasting
 + Level 2.3 Conjurations
 + Level 1.1 Hexes
 + Level 1.1 Summonings
 + Level 1.1 Necromancy
 + Level 1.1 Translocations
 + Level 1.1 Transmutations
 + Level 1.1(1.3) Fire Magic
 + Level 1.1(1.3) Ice Magic
 + Level 1.1(1.3) Air Magic
 + Level 1.1(1.3) Earth Magic
 + Level 1.1 Poison Magic
 + Level 1.5 Invocations
 + Level 4.7 Evocations


You had 24 spell levels left.
You knew the following spells:

 Your Spells              Type           Power      Damage    Failure   Level
a - Shock                 Conj/Air       48%        1d6       4%          1
b - Pain                  Necr           40%        1d6       6%          1

Your spell library contained the following spells:

 Spells                   Type           Power      Damage    Failure   Level
 Magic Dart               Conj           52%        1d5       3%          1
 Apportation              Tloc           20%        N/A       6%          1
 Passwall                 Tmut/Erth      8%         N/A       9%          2
 Mephitic Cloud           Conj/Pois/Air  11%        N/A       16%         3
 Summon Guardian Golem    Hex/Summ       10%        N/A       19%         3
 Orb of Destruction       Conj           6%         9d6       100%        7
 Spellforged Servitor     Conj/Summ      5%         N/A       100%        7


Dungeon Overview and Level Annotations

Branches:
Dungeon (3/15)

Altars:
Ashenzari
Dithmenos

Shops:
D:1 (

Annotations:
D:3 Sigmund


Innate Abilities, Weirdness & Mutations

You have very sharp teeth.
Your uncanny sense of smell can sniff out nearby items.
Your experience applies equally to all skills.


Message History

Casting: Shock (safe; 4% risk of failure)
Confirm with . or Enter, or press ? or * to list all spells.
Aiming: Shock (safe; 4% risk of failure)
Press: ? - help, Shift-Dir - straight line
Okay, then.
The kobold shouts!
The orc shouts!
Things that are here:
a +0 hunting sling; a +0 club; 13 stones
Casting: Shock (safe; 4% risk of failure)
Confirm with . or Enter, or press ? or * to list all spells.
Aiming: Shock (safe; 4% risk of failure)
Press: ? - help, Shift-Dir - straight line You miscast Shock.
You are very lightly contaminated with residual magic.
Nothing appears to happen.
The orc misses you.
Unknown command.
Casting: Shock (safe; 4% risk of failure)
Confirm with . or Enter, or press ? or * to list all spells.
Aiming: Shock (safe; 4% risk of failure)
Press: ? - help, Shift-Dir - straight line The zap hits the orc.
The orc is heavily wounded.
The zap hits the kobold.
You kill the kobold!
The zap misses the orc.
The orc barely misses you.
Casting: Shock (safe; 4% risk of failure)
Confirm with . or Enter, or press ? or * to list all spells.
Aiming: Shock (safe; 4% risk of failure)
Press: ? - help, Shift-Dir - straight line The zap hits the orc.
You kill the orc!
There is an open door here.
Things that are here:
a +0 mace; a +2 ring mail of poison resistance; an orc corpse
s - a +2 ring mail of poison resistance You see here a +0 short sword.
You start resting.
Your magical contamination has completely faded away.
Okay, then.
Are you sure you want to abandon this character and quit the game? (Confirm with "yes".)

#####.#.## #.......# ######.##
#.# ####################.#
#....................##
####.......#####..#+##...##
#....#######...#..# ∆#.....
#.##.# +.@))..#..# #...## #....#
#..#)###.P####P..#
#.#..#######.............#
#.##.........⌠...........#
#.##...........##)##..P..#
##.##..#)##..##'#...#'##..#
######...#..#..#..#.)#)..#.)#..#
............#(.#..#..#)..#..#..#
##.###...#..####..###########.##


There were no monsters in sight!

Vanquished Creatures
  An orc wizard (D:3)
  3 adders
  A worm (D:2)
  A dart slug (D:3)
  7 orcs
  4 ball pythons
  7 endoplasms
  4 giant cockroaches
  5 goblins
  6 hobgoblins
  6 jackals (D:1)
  11 kobolds
  3 quokkas
  A bat (D:2)
  A frilled lizard (D:1)
  6 rats
67 creatures vanquished.

Notes
Turn   | Place    | Note
-------+----------+-------------------------------------------
     0 | D:1      | Reached skill level 11 in Spellcasting
     0 | D:1      | Kranky the Gnoll Wanderer began the quest for the Orb.
     0 | D:1      | Kranky set off with the following items: a +0 club, a +0
                  | robe, a wand of polymorph (3); and the following spells
                  | available to memorise: Magic Dart, Shock, Apportation,
                  | Pain, Passwall, Mephitic Cloud
     0 | D:1      | Reached XP level 1. HP: 13/13 MP: 12/12
     2 | D:1      | Learned a level 1 spell: Shock
     4 | D:1      | Learned a level 1 spell: Pain
   179 | D:1      | Reached XP level 2. HP: 12/20 MP: 9/14
   769 | D:1      | Found a faded altar of an unknown god.
   775 | D:1      | Prayed at the altar of an unknown god.
   775 | D:1      | Became a worshipper of Ashenzari the Shackled
  1045 | D:1      | Found Mavon's Weapon Boutique.
  1072 | D:1      | Reached XP level 3. HP: 18/25 MP: 11/15
  1726 | D:2      | Reached skill level 1 in Invocations
  1763 | D:2      | Reached skill level 1 in Fighting
  1763 | D:2      | Reached skill level 1 in Short Blades
  1763 | D:2      | Reached skill level 1 in Long Blades
  1763 | D:2      | Reached skill level 1 in Axes
  1763 | D:2      | Reached skill level 1 in Maces & Flails
  1763 | D:2      | Reached skill level 1 in Polearms
  1763 | D:2      | Reached skill level 1 in Staves
  1763 | D:2      | Reached skill level 1 in Slings
  1763 | D:2      | Reached skill level 1 in Bows
  1763 | D:2      | Reached skill level 1 in Crossbows
  1763 | D:2      | Reached skill level 1 in Throwing
  1763 | D:2      | Reached skill level 1 in Armour
  1763 | D:2      | Reached skill level 1 in Stealth
  1763 | D:2      | Reached skill level 1 in Shields
  1763 | D:2      | Reached skill level 1 in Unarmed Combat
  2021 | D:2      | Reached XP level 4. HP: 32/32 MP: 17/17
  2462 | D:3      | Noticed Sigmund
  2725 | D:2      | Reached skill level 1 in Hexes
  2725 | D:2      | Reached skill level 1 in Summonings
  2725 | D:2      | Reached skill level 1 in Necromancy
  2725 | D:2      | Reached skill level 1 in Translocations
  2725 | D:2      | Reached skill level 1 in Transmutations
  2725 | D:2      | Reached skill level 1 in Fire Magic
  2725 | D:2      | Reached skill level 1 in Ice Magic
  2725 | D:2      | Reached skill level 1 in Air Magic
  2725 | D:2      | Reached skill level 1 in Earth Magic
  2725 | D:2      | Reached skill level 1 in Poison Magic
  2816 | D:3      | Reached XP level 5. HP: 8/37 MP: 14/18
  3056 | D:3      | Found a shadowy altar of Dithmenos.
  3486 | D:3      | Quit the game

Illustrated notes

Levels and vault maps discovered:
D:1:      erik_arrival_cave_to_civilisation [erik_arrival_cave_to_hall],
          layout_loops_ring, ebering_ecumenical_altar_ruins, serial_shops, shop
D:2:      layout_loops_corners, minmay_pentomino_p2
D:3:      corexii_shack_village, layout_loops_ring,
          nicolae_dithmenos_shadow_blocks, serial_shops,
          nicolae_shop_behind_doors, eino_tiny_chamber, kennysheep_cross_room,
          uniq_sigmund

Skill      XL: |  1  2  3  4 |
---------------+-------------+-----
Spellcasting   | | 11.4
Conjurations   | 2 |  2.3
Invocations    | 1 |  1.5
Fighting       | 1 |  1.4
Short Blades   | 1 |  1.4
Long Blades    | 1 |  1.4
Axes           | 1 |  1.4
Maces & Flails | 1 |  1.4
Polearms       | 1 |  1.4
Staves         | 1 |  1.4
Slings         | 1 |  1.4
Bows           | 1 |  1.4
Crossbows      | 1 |  1.4
Throwing       | 1 |  1.4
Armour         | 1 |  1.4
Stealth        | 1 |  1.4
Shields        | 1 |  1.4
Unarmed Combat | 1 |  1.4
Hexes          | 1 |  1.1
Summonings     | 1 |  1.1
Necromancy     | 1 |  1.1
Translocations | 1 |  1.1
Transmutations | 1 |  1.1
Fire Magic     | 1 |  1.1
Ice Magic      | 1 |  1.1
Air Magic      | 1 |  1.1
Earth Magic    | 1 |  1.1
Poison Magic   | 1 |  1.1
Dodging        | |  2.9
Evocations     | |  4.7

Action                   |  1- 3 |  4- 6 || total
-------------------------+-------+-------++-------
Melee: Falchion          |    51 |    75 ||   126
       Bite              |     1 |    10 ||    11
       Punch             |       |     2 ||     2
 Cast: Shock             |    48 |    29 ||    77
Invok: Curse Item        |     1 |       ||     1
 Stab: Sleeping          |     2 |     2 ||     4
Armor: Robe              |    25 |    29 ||    54
Dodge: Dodged            |    61 |    44 ||   105
